Cogmind - Beta 14 @@@ ROGUE MODE // 2024.09.13 @ 11:02:56 Player: Kinga Result: Destroyed by S-10 Pest with Light Assault Rifle Performance ------------- Evolutions (0) 0 Regions Visited (2) 400 Robots Destroyed (26) 130 Value Destroyed (606) 606 Prototype IDs (0) 0 Alien Tech Used (0) 0 Bonus (0) 0 TOTAL SCORE: 1136 Bonus ------- None Cogmind --------- Core Integrity 0/250 Matter 290/300 Energy 24/100 System Corruption 4% Temperature Cool (5) Movement Rolling (105) Ox1 Location -10/Subcaves Parts ------- > --- POWER (1) -------- (None) > --- PROPULSION (2) --- Wheel Compact Wheel > --- UTILITY (2) ------ High-capacity Storage Unit Structural Scanner > --- WEAPON (2) ------- (None) > --- INVENTORY (20) --- Small Storage Unit Medium Matter Pod (100) EM Pulse Gun EM Pulse Gun EM Pulse Gun EM Pulse Gun EM Pulse Gun Beam Cannon Beam Cannon Beam Cannon Light Assault Rifle Subdweller Machine Gun Subdweller Machine Gun Makeshift Hammer Peak State ------------ > --- POWER ------------ Ion Engine > --- PROPULSION ------- Light Treads Light Treads > --- UTILITY ---------- High-capacity Storage Unit Structural Scanner > --- WEAPON ----------- Beam Cannon Subdweller Beam Cannon > --- INVENTORY -------- Light Ion Engine Wheel Compact Wheel Compact Wheel Compact Wheel Small Storage Unit Medium Matter Pod EM Pulse Gun EM Pulse Gun EM Pulse Gun EM Pulse Gun EM Pulse Gun Beam Cannon Beam Cannon Beam Cannon Beam Cannon Light Assault Rifle Makeshift Hammer [Rating: 10] Favorites ----------- Power Ion Engine Engine Ion Engine Propulsion Light Treads Treads Light Treads Wheel Compact Wheel Utility High-capacity Storage Unit Device Structural Scanner Storage High-capacity Storage Unit Processor Signal Interpreter Weapon Assault Rifle Energy Gun EM Pulse Gun Energy Cannon Subdweller Beam Cannon Ballistic Gun Assault Rifle Build | -11 -10 -10 ------- Run | Yrd Mat Sub Slots Evolved . | . . . Power . | . . . Propulsion . | . . . Utility . | . . . Weapon . | . . . Parts Attached 25 | 6 5 14 Power 2 | 1 . 1 Engine 2 | 1 . 1 Core . | . . . Reactor . | . . . Propulsion 8 | 2 1 5 Treads 4 | 2 1 1 Leg . | . . . Wheel 4 | . . 4 Hover . | . . . Flight . | . . . Utility 5 | 1 3 1 Device 1 | . . 1 Storage 2 | 1 1 . Processor 2 | . 2 . Hackware . | . . . Protection . | . . . Artifact . | . . . Weapon 10 | 2 1 7 Energy Gun 1 | . 1 . Energy Cannon 6 | . . 6 Ballistic Gun 3 | 2 . 1 Ballistic Cannon . | . . . Launcher . | . . . Special Weapon . | . . . Impact Weapon . | . . . Slashing Weapon . | . . . Piercing Weapon . | . . . Special Melee Weapon . | . . . Unidentified Prototypes . | . . . Corrupted Parts 1 | . . 1 System Corruption 4 | . . 4 Parts Lost 12 | . 1 11 Power 2 | . . 2 Propulsion 5 | . . 5 Utility . | . . . Weapon 5 | . 1 4 Highest Loss Streak 6 | . 1 6 To Critical Strikes 1 | . . 1 Average Slot Usage (%) 98 | . 98 98 Engine 13 | . 14 13 Treads 26 | . 28 23 Wheel 1 | . . 3 Device 2 | . . 8 Storage 14 | . 14 14 Processor 10 | . 12 5 Energy Gun 7 | . 7 6 Energy Cannon 3 | . . 11 Ballistic Gun 16 | . 20 10 Peak Build Rating 10 | 6 8 10 Average Rating 7 | 4 7 8 On Entrance 4 | . 6 8 Naked Turns . | . . . Heaviest Build 57 | 14 49 57 Greatest Support 40 | 40 40 40 Greatest Overweight (x) 3 | . 1 3 Average Overweight (x) . | . . 1 Largest Inventory Capacity 20 | 8 20 20 Average Capacity 19 | 6 19 20 Most Carried 19 | 4 19 19 Average Carried 14 | 2 12 17 Final Capacity 20 | 8 20 20 Final Carried 19 | 4 19 14 Class Distribution -------------------- 100% | Mutant Dominant Class ---------------- Mutant | -10/Materials Mutant | -10/Subcaves Resources | -11 -10 -10 ----------- Run | Yrd Mat Sub Matter Collected 829 | 235 416 178 Remotely . | . . . Salvage Created 951 | . 649 302 Parts 59 | . 44 15 Haulers Intercepted 2 | . 2 . Recyclers Shooed 2 | . 2 . Parts Field Recycled . | . . . Retrieved Matter . | . . . Parts Self-Destructed 4 | . . 4 Prevented . | . . . Kills | -11 -10 -10 ------- Run | Yrd Mat Sub Combat Hostiles Destroyed 19 | . 12 7 Guns 13 | . 11 2 Cannons 5 | . . 5 AOE 1 | . 1 . Classes Destroyed 7 | . 6 1 Worker 1 | . 1 . Hauler 2 | . 2 . Recycler 2 | . 2 . Watcher 2 | . 2 . Swarmer 6 | . 6 . Grunt 6 | . 6 . Subdweller 7 | . . 7 Best Kill Streak 3 | . 3 2 Combat Bots Only 3 | . 3 2 Max Kills in Single Turn 1 | . 1 1 Gunslinging . | . . . Exploded 1 | . 1 . Melee . | . . . Uniques/NPCs Destroyed . | . . . Combat | -11 -10 -10 -------- Run | Yrd Mat Sub Hostile Shots Fired 135 | . 61 74 Missed 47 | . 27 20 Damage Taken 1392 | . 377 1015 Core 252 | . 60 192 Absorbed by Shields . | . . . Core Remaining (%) 100 | 100 . . Volleys Fired 95 | . 52 43 Largest 2 | . 2 2 Hottest 140 | . 60 140 Shots Fired 184 | . 104 80 Gun 126 | . 104 22 Cannon 58 | . . 58 Launcher . | . . . Special . | . . . Kinetic 105 | . 90 15 Thermal 58 | . . 58 Explosive . | . . . Electromagnetic 21 | . 14 7 Robot Hit Streak 12 | . 10 12 Robot Miss Streak 4 | . 4 2 Penetration Max . | . . . Secondary Targets 2 | . 2 . Max Gunslinging Chain 1 | . 1 . Shots Hit Robots 112 | . 64 48 Core Hits 43 | . 29 14 Critical Kills . | . . . Critical Parts Destroyed . | . . . Critical Strikes . | . . . Melee Attacks . | . . . Impact . | . . . Slashing . | . . . Piercing . | . . . Sneak Attacks . | . . . Combat Hostiles . | . . . Follow-up Attacks . | . . . Damage Inflicted 1806 | . 946 860 Guns 996 | . 836 160 Cannons 700 | . . 700 Explosions 100 | . 100 . Melee . | . . . Ramming 10 | . 10 . Kinetic 805 | . 699 106 Thermal 800 | . 100 700 Explosive . | . . . Electromagnetic 191 | . 137 54 Impact . | . . . Slashing . | . . . Piercing . | . . . Highest Corruption 4 | . . 4 Average Corruption 4 | . . 4 Corruption Purged . | . . . Corruption Blocked . | . . . Effects 10 | . . 10 Message Errors 2 | . . 2 Matter Fused 2 | . . 2 Heat Flow Errors 1 | . . 1 Energy Discharges 1 | . . 1 Misfires 2 | . . 2 Alerts 1 | . . 1 Weapon Failures 1 | . . 1 Overload Shots . | . . . Overflow Damage . | . . . Projectiles . | . . . Explosions . | . . . Melee . | . . . Knockbacks . | . . . Impact . | . . . Kinetic . | . . . Secondary . | . . . Self-Inflicted Damage . | . . . Shots . | . . . Rammed 2 | . 2 . Targets Rammed 3 | . 3 . Kicked . | . . . Crushed 1 | . 1 . Highest Temperature 87 | . 36 87 Average Temperature 24 | . 22 25 Received Heat Transfer 348 | . 153 195 Siege Activations . | . . . Robots Corrupted . | . . . Combat Hostiles . | . . . Parts Fried . | . . . Impact Corruptions . | . . . Robots Melted . | . . . Combat Hostiles . | . . . Parts Melted 5 | . . 5 Heat Transferred 1321 | . 100 1221 Parts Sabotaged . | . . . Parts Stolen . | . . . Parts Stripped . | . . . Power Chain Reactions 1 | . 1 . Alert | -11 -10 -10 ------- Run | Yrd Mat Sub Peak Influence 167 | . 167 . Initial . | . . . Average 43 | . 45 . Maximum Alert Level . | . . . Low Security (%) 100 | 100 100 . Level 1 . | . . . Level 2 . | . . . Level 3 . | . . . Level 4 . | . . . Level 5 . | . . . High Security . | . . . Max Security . | . . . Squads Dispatched 3 | . 3 . Investigation 3 | . 3 . Extermination . | . . . Reinforcement . | . . . Assault . | . . . Garrison . | . . . Intercept . | . . . Searches Triggered . | . . . Construction Impeded . | . . . Haulers Reinforced . | . . . Active Scanning Responses . | . . . Cargo Convoy Interrupts . | . . . Stealth | -11 -10 -10 --------- Run | Yrd Mat Sub Distress Signals 1 | . 1 . Communications Jammed . | . . . Distress Signals . | . . . Times Spotted 29 | . 19 10 Peak Tracking Total 4 | . 4 4 Tactical Retreats . | . . . Traps | -11 -10 -10 ------- Run | Yrd Mat Sub Traps Triggered 2 | . 2 . Indirectly . | . . . Trap Hack Attempts . | . . . Triggered . | . . . Disarmed . | . . . Reprogrammed . | . . . Reused . | . . . Traps Extracted . | . . . Installed . | . . . Triggered . | . . . Machines | -11 -10 -10 ---------- Run | Yrd Mat Sub Machines Disabled . | . . . Max in Single Turn . | . . . Machines Repaired . | . . . Machines Dismantled . | . . . Machines Sabotaged . | . . . Overloaded Fab Kills . | . . . Hacking | -11 -10 -10 --------- Run | Yrd Mat Sub Machines Accessed 3 | . 1 2 Terminals 1 | . 1 . Fabricators . | . . . Repair Stations . | . . . Recycling Units . | . . . Scanalyzers . | . . . Garrison Access . | . . . Total Hacks 5 | . 2 3 Successful 4 | . 1 3 Failed 1 | . 1 . Catastrophic . | . . . Database Lockouts . | . . . Manual . | . . . Terminals 2 | . 2 . Fabricators . | . . . Repair Stations . | . . . Recycling Units . | . . . Scanalyzers . | . . . Garrison Access . | . . . Terminal Hacks 4 | . 1 3 Record 1 | . . 1 Open Door 1 | . . 1 Hauler Manifests 1 | . 1 . Release Object 1 | . . 1 Fabricator Hacks . | . . . Repair Station Hacks . | . . . Recycling Unit Hacks . | . . . Scanalyzer . | . . . Garrison Access Hacks . | . . . Unauthorized Hacks . | . . . Terminals . | . . . Fabricators . | . . . Repair Stations . | . . . Recycling Units . | . . . Scanalyzers . | . . . Garrison Access . | . . . Data Cores Recovered . | . . . Used . | . . . Hacking Detections 1 | . 1 . Full Trace Events . | . . . Feedback Events . | . . . Feedback Blocked . | . . . Robot Schematics Acquired . | . . . Robots Built . | . . . Authchips . | . . . Time . | . . . Total Robot Build Rating . | . . . Part Schematics Acquired . | . . . Parts Built . | . . . Authchips . | . . . Time . | . . . Total Part Build Rating . | . . . Parts Repaired . | . . . Time . | . . . Parts Recycled . | . . . Recycled Matter . | . . . Retrieved Matter . | . . . Retrieved Components . | . . . Parts Scanalyzed . | . . . Part Schematics Acquired . | . . . Parts Damaged . | . . . Bothacking | -11 -10 -10 ------------ Run | Yrd Mat Sub Used RIF Installer . | . . . Robots Hacked . | . . . Non-combat . | . . . Combat . | . . . Robot Hacks Applied . | . . . Relay Couplers Released . | . . . Fabnet Peak Effective % . | . . . Robots Rewired . | . . . Allies Hacked . | . . . Hacks Repelled . | . . . Allies | -11 -10 -10 -------- Run | Yrd Mat Sub Total Allies . | . . . Largest Group . | . . . Highest-Rated Group . | . . . Highest-Rated Ally . | . . . Total Orders . | . . . Ally Attacks . | . . . Total Damage . | . . . Kills . | . . . Allies Corrupted . | . . . Allies Melted . | . . . Intel | -11 -10 -10 ------- Run | Yrd Mat Sub Robot Analysis Total . | . . . Derelict Logs Recovered . | . . . Drone Launches . | . . . Drone Recoveries . | . . . Exploration | -11 -10 -10 ------------- Run | Yrd Mat Sub Turns Passed 2154 | 66 1360 728 Spaces Moved 797 | 35 498 264 Core 2 | 2 . . Treads 750 | 33 498 219 Legs . | . . . Wheels 45 | . . 45 Hover . | . . . Flight . | . . . Fastest Speed 50 | 50 160 115 Average Speed 226 | 153 235 219 Slowest Speed 240 | 160 240 240 Overloaded Moves . | . . . Propulsion Burnouts . | . . . Robots Hopped . | . . . Cave-ins Triggered . | . . . Exploration Rate (%) 36 | 4 88 18 Regions Visited 2 Branch Regions 1 Pre-discovered Areas . | . . . Known Exits Taken 1 | . 1 . Unknown Exits Taken 1 | 1 . . Scrap Searched . | . . . Spaces Dug . | . . . Terrain Destroyed 5 | . 3 2 Melee . | . . . Projectile 2 | . . 2 AOE 3 | . 3 . Terrain Rammed . | . . . Walls Destroyed . | . . . Machines Disabled . | . . . Actions | -11 -10 -10 --------- Run | Yrd Mat Sub Total 953 | 44 577 332 Wait 7 | . 3 4 Move 795 | 34 497 264 Hop . | . . . Pick Up 22 | 4 15 3 Fast Attach 11 | 6 4 1 Attach 11 | . 1 10 Detach 2 | . 1 1 Swap 3 | . . 3 Drop 3 | . 1 2 Fire 95 | . 52 43 Melee . | . . . Ram . | . . . Kick . | . . . Crush 3 | . 3 . Escape Stasis . | . . . Rewire . | . . . Trap . | . . . Miscellaneous 1 | . . 1 Route ------- -11/Scrapyard -10/Materials (discovered 6 exits: *Mat x3 / *Min x2 / *Sub) -10/Subcaves (discovered 2 exits: [*Mat] / [Rec]) History --------- Turn | Location | Event 35 | -11/Scrapyard | Discovered new exit (range 16) 67 | -11/Scrapyard | Entered Materials 248 | -10/Materials | Discovered new exit (range 3) 305 | -10/Materials | Build established: Mutant 596 | -10/Materials | Discovered new exit (range 12) 762 | -10/Materials | Discovered new exit (range 8) 786 | -10/Materials | Identified exit to Mines 960 | -10/Materials | Discovered new exit (range 11) 984 | -10/Materials | Identified exit to Materials 1181 | -10/Materials | Discovered exit to Materials (range 16) 1375 | -10/Materials | Discovered new exit (range 15) 1425 | -10/Materials | Identified exit to Subcaves 1427 | -10/Materials | Entered Subcaves 1493 | -10/Subcaves | Released subatomizers from SUBCON Basin 1948 | -10/Subcaves | Core integrity fell below 50% 2012 | -10/Subcaves | Discovered new exit (range 13) 2081 | -10/Subcaves | Lost 3 parts (1p2n) 2092 | -10/Subcaves | Discovered new exit (range 11) 2147 | -10/Subcaves | Core integrity fell below 20% 2155 | -10/Subcaves | Destroyed by S-10 Pest with Light Assault Rifle Last Messages --------------- 02080_ Acquired Sub. Machine Gun. 02088_ Acquired 10 matter. 02092_ EXIT=FOUND 02098_ System corrupted: Matter fused (-7). 02118_ Sub. Power Source melted. 02118_ Sub. Optics melted. 02118_ BJ-RR3(R) destroyed. 02131_ System corrupted: FCS attempts to trigger Sub. Beam Cannon. 02131_ System corrupted: Sub. Beam Cannon misfires. 02133_ Acquired 5 matter. 02142_ Com. Wheel destroyed. 02143_ Critical hit (Destroy). 02143_ Beam Cannon destroyed. 02145_ System corrupted: Sub. Beam Cannon failed to cycle. 02146_ Lgt. Ion Engine destroyed. 02148_ Com. Wheel destroyed. 02150_ Sub. Power Source melted. 02150_ BP-8G1(R) destroyed. 02153_ Beam Cannon destroyed. 02155_ Sub. Beam Cannon destroyed. Map ----- +----------------------------------------------------+ | ### ## ####????????????????????????????????????? | | ### ####???????????????????????????????????? | | ## # ####???????????????????????????????????? | | # ##???????????????????????????????????? | | =## # ###??????????????????????????????????? | | & / ###??????????????????????????????????? | | &%&% ! ######??????????????????????????????? | | & # #%! ########?????????????????????????????? | | ### ###%#### "###?????????????????????????????? | | ###### *### "" "##?????????????????????????????? | | ##### ## ""###